 Dungeon Crawl Stone Soup version 0.31-a0-858-g469dc525a8 (webtiles) character file.

Game seed: 2440526735489974209

37 BritishOli the Trooper (level 3, 0/29 HPs)
             Began as a Demonspawn Fighter on Oct 9, 2023.
             Slain by Sigmund
             ... wielding a +0 scythe
              (10 damage)
             ... on level 2 of the Dungeon.
             The game lasted 00:01:53 (1797 turns).

BritishOli the Trooper (Demonspawn Fighter)         Turns: 1797, Time: 00:01:53

Health: 0/29       AC:  7    Str: 16    XL:     3   Next: 21%
Magic:  3/3        EV:  8    Int:  9    God:
Gold:   48         SH:  5    Dex: 14    Spells: 2/2 levels left

rFire   . . .        j - +2 long sword of Valluko {elec, rC++}
rCold   + + .        c - +0 buckler
rNeg    . . .        b - +0 scale mail
rPois   .            (no helmet)
rElec   .            m - +0 cloak
rCorr   .            (no gloves)
SInv    .            (no boots)
Will    .....        (no amulet) Stlth
                     (no ring)
HPRegen 0.24/turn    (no ring)
MPRegen 0.08/turn

%: no passive effects
@: no status effects
A: ignite blood 1
a: no special abilities


You were on level 2 of the Dungeon.
You visited 1 branch of the dungeon, and saw 2 of its levels.

You collected 48 gold pieces.

Inventory:

Hand Weapons
 a - a +0 war axe
 j - the +2 long sword of Valluko (weapon) {elec, rC++}
   (You found it on level 2 of the Dungeon)

   rC++:      It greatly protects you from cold.
Armour
 b - a +0 scale mail (worn)
 c - a +0 buckler (worn)
 m - a +0 cloak (worn)
Scrolls
 f - a scroll of amnesia {unknown}
 g - 2 scrolls of identify {unknown}
 h - 2 scrolls of teleportation {unknown}
 k - a scroll of fear {unknown}
 l - a scroll of immolation {unknown}
Potions
 d - a potion of might
 e - a potion of attraction {unknown}
 i - a potion of cancellation {unknown}


   Skills:
 * Level 3.6 Fighting
 - Level 2.1 Axes
 - Level 3.0 Armour
 - Level 3.0 Shields


You had 2 spell levels left.
You didn't know any spells.
Your spell library contained the following spells:

 Spells                   Type           Power      Damage    Failure   Level
 Apportation              Tloc           0%         N/A       88%         1
 Foxfire                  Conj/Fire      0%         2x1d4     88%         1
 Necrotise                Necr           0%         1d4       88%         1
 Summon Small Mammal      Summ           0%         N/A       88%         1
 Plasma Beam              Fire/Air       0%         2x1d10    100%        6
 Starburst                Conj/Fire      0%         6d3       100%        6


Dungeon Overview and Level Annotations

Branches:
Dungeon (2/15)

Altars:

Annotations:
D:2 Sigmund


Innate Abilities, Weirdness & Mutations

Your demonic aura sometimes causes spilled blood to erupt in flames.


Message History

You hit the worm.
You kill the worm!
No target in view!
l - a scroll labelled QEEJ ESOACK No target in view!
No target in view!
You see here a +0 cloak.
m - a +0 cloak You start putting on your armour.
You continue putting on your +0 cloak. x4
You finish putting on your +0 cloak.
You pick up a book of Fire and begin reading...
You add the spells Foxfire, Plasma Beam and Starburst to your library.
No target in view!
Sigmund the Dreaded comes into view.
He is wielding a +0 scythe and wearing a +1 robe of willpower.
Sigmund shouts!
Sigmund gestures at you while chanting. The magic dart hits you.
Sigmund is nearby!
Sigmund hits you but does no damage.
Sigmund is nearby!
You hit Sigmund but do no damage.
Sigmund casts a spell.
Sigmund flickers and vanishes!
Deactivating autopickup; reactivate with Ctrl-A.
Something hits you.
No target in view!
No target in view!
No target in view!
You miss something. Something hits you!
You barely miss something. Something hits you but does no damage.
You slash something! Something hits you but does no damage.
You closely miss something. Something hits you but does no damage.
You barely miss something. Something hits you.
You hit something. Lightning courses through something!
You hit something but do no damage. Something hits you!
You barely miss something.
You hear some strange, mumbled words.
Something tries to affect you, but you resist.
Something hits you!
You die...

#### ..# #.#
#.##.####
#..{@...#
####.##.#
...##.#
######.##
######### #..#
#.......######.#
#..............#
#.......#####..#
#.......#####..#


There were no monsters in sight!

Vanquished Creatures
  An adder (D:2)
  A worm (D:2)
  A dart slug (D:2)
  2 giant cockroaches
  A goblin (D:2)
  4 hobgoblins
  A jackal (D:1)
  3 quokkas
  2 ball pythons
  2 frilled lizards (D:1)
  2 kobolds (D:1)
  2 rats
22 creatures vanquished.

Notes
Turn   | Place    | Note
-------+----------+-------------------------------------------
     0 | D:1      | BritishOli the Demonspawn Fighter began the quest for the
                  | Orb.
     0 | D:1      | Reached XP level 1. HP: 18/18 MP: 1/1
   594 | D:1      | Gained mutation: Your demonic aura sometimes causes spilled
                  | blood to erupt in flames. [demonic ancestry]
   594 | D:1      | Reached XP level 2. HP: 24/24 MP: 2/2
  1204 | D:2      | Identified the +0 leather armour of Faidis {rPois Dex+3
                  | SInv}
  1406 | D:2      | Identified the +2 long sword of Valluko {elec, rC++}
  1639 | D:2      | Reached XP level 3. HP: 29/29 MP: 3/3
  1785 | D:2      | Noticed Sigmund
  1797 | D:2      | Slain by Sigmund

Illustrated notes

Levels and vault maps discovered:
D:1:      psy_arrival_wood_between_worlds, layout_basic,
          minmay_misc_feat_columns, minmay_octomino_j4
D:2:      layout_loops_cross, uniq_sigmund

Skill      XL: |  1  2 |
---------------+-------+-----
Axes           | 2 |  2.1
Armour         | 3 |  3.0
Shields        | 3 |  3.0
Fighting       | |  3.6

Action                     || total
---------------------------++-------
  Melee: War axe           ||    54
         Long sword        ||    31
 Armour: Scale mail        ||    76
  Dodge: Dodged            ||    27
  Block: Buckler           ||    12

Table legend: (Time is in decaauts)
 A = Elapsed time spent in this place.
 B = Non-inter-level travel time spent in this place.
 C = Inter-level travel time spent in this place.
 D = Time resting spent in this place.
 E = Time spent auto-exploring this place.
 F = Levels seen in this place.
 G = Mean time per level.
                   A        B        C        D        E       F      G
               +--------+--------+--------+--------+--------+-----+--------+
         Total |   1833 |   1741 |     92 |     35 |   1475 |   2 |  916.5 |
       Dungeon |   1833 |   1741 |     92 |     35 |   1475 |   2 |  916.5 |
               +--------+--------+--------+--------+--------+-----+--------+

Top non-repeatable levels by time:
     D:1: 1209 daAuts
     D:2: 624 daAuts
